 Dungeon Crawl Stone Soup version 0.30.0-10-gfe55d96785 (webtiles) character file.

Game seed: 653780224802663360

32 NinjaNoafa the Charlatan (level 3, -2/26 HPs)
             Began as a Merfolk Artificer on May 14, 2023.
             Slain by a worm (10 damage)
             ... on level 2 of the Dungeon.
             The game lasted 00:03:33 (1399 turns).

NinjaNoafa the Charlatan (Merfolk Artificer)        Turns: 1399, Time: 00:03:33

Health: -2/26      AC:  4    Str: 12    XL:     3   Next: 27%
Magic:  3/3        EV: 12    Int: 10    God:
Gold:   97         SH:  0    Dex: 16    Spells: 2/2 levels left

rFire   . . .        a - +0 dagger
rCold   . . .        (no shield)
rNeg    . . .        b - +0 leather armour
rPois   .            (no helmet)
rElec   .            j - +0 cloak
rCorr   .            (no gloves)
SInv    .            (no boots)
Will    .....        (no amulet)
Stlth   ++           (no ring)
HPRegen 0.24/turn    (no ring)
MPRegen 0.08/turn

%: no passive effects
@: no status effects
A: (nimble swimmer 2), mertail
a: no special abilities


You were on level 2 of the Dungeon.
You visited 1 branch of the dungeon, and saw 2 of its levels.

You collected 97 gold pieces.

Inventory:

Hand Weapons
 a - a +0 dagger (weapon)
Missiles
 h - 6 poisoned darts
Armour
 b - a +0 leather armour (worn)
 j - a +0 cloak (worn)
Wands
 c - a wand of flame (25) (quivered)
 d - a wand of charming (15)
 e - a wand of iceblast (5)
Scrolls
 k - a scroll of fog {unknown}
Potions
 f - a potion of mutation {unknown}
 g - 3 potions of might {unknown}
 i - a potion of haste {unknown}
 l - 2 potions of heal wounds {unknown}
 m - a potion of resistance {unknown}
 n - 2 potions of berserk rage {unknown}


   Skills:
 - Level 1.1 Fighting
 - Level 0.6 Armour
 - Level 2.6 Dodging
 - Level 1.1 Stealth
 + Level 4.3 Evocations


You had 2 spell levels left.
You didn't know any spells.
Your spell library was empty.

Dungeon Overview and Level Annotations

Branches:
Dungeon (2/15) Zot: 10595

Altars:


Innate Abilities, Weirdness & Mutations

((You are very nimble when in or above water. (Stealth+, EV+, Speed+++)))
Your lower body shifts to a powerful aquatic tail in water.


Message History

The worm bites you.
You completely miss the worm.
The worm is moderately wounded.
You hit the worm.
The worm is heavily wounded.
The worm barely misses you.
You hit the worm.
The worm is severely wounded.
You hit the worm.
The worm is severely wounded.
The worm bites you.
You hit the worm but do no damage.
The worm is severely wounded.
The worm bites you but does no damage.
You hit the worm.
The worm is severely wounded.
You hit the worm but do no damage.
The worm is severely wounded.
The worm barely misses you.
You hit the worm.
The worm is almost dead.
You hit the worm.
The worm is almost dead.
The worm bites you!
* * * LOW HITPOINT WARNING * * *
Unknown command.
Unknown command.
Unknown command.
Unknown command.
You barely miss the worm.
The worm is almost dead.
The worm bites you.
* * * LOW HITPOINT WARNING * * *
Unknown command.
You hit the worm but do no damage.
The worm is almost dead.
You hit the worm.
The worm is almost dead.
The worm bites you!
You die...

..##..### .##....
###...# ### # #..## #..
###.S# #.# .....# ##.###
###... .... ...#####
###.# ........###...####
#.# #.......@w.# #.#
####.$.####......
####.###...........<....
...........#############
...........##
............#
...)........#
...>........#
............#


You could see a worm.

Vanquished Creatures
  An adder (D:2)
  3 bats
  2 endoplasms
  A giant cockroach (D:1)
  A goblin (D:1)
  2 hobgoblins
  2 jackals (D:1)
  2 kobolds (D:1)
  A quokka (D:2)
  5 ball pythons
  A frilled lizard (D:2)
  2 rats (D:1)
23 creatures vanquished.

Notes
Turn   | Place    | Note
-------+----------+-------------------------------------------
     0 | D:1      | NinjaNoafa the Merfolk Artificer began the quest for the
                  | Orb.
     0 | D:1      | Reached XP level 1. HP: 15/15 MP: 1/1
   197 | D:1      | Reached XP level 2. HP: 10/21 MP: 2/2
  1248 | D:2      | Reached skill level 4 in Evocations
  1289 | D:2      | Reached XP level 3. HP: 24/26 MP: 3/3
  1399 | D:2      | Slain by a worm

Illustrated notes

Levels and vault maps discovered:
D:1:      dpeg_arrival_signposts, layout_loops_corners, minmay_unequal
D:2:      layout_rooms

Skill      XL: |  1  2 |
---------------+-------+-----
Evocations     | 4 |  4.3
Fighting       | |  1.1
Armour         | |  0.6
Dodging        | |  2.6
Stealth        | |  1.1

Action                     || total
---------------------------++-------
  Melee: Club              ||    18
         Dagger            ||   124
         Punch             ||     2
 Armour: Leather armour    ||    39
  Dodge: Dodged            ||    95
